 Dungeon Crawl Stone Soup version 0.31.0-10-gcf4a605ca0 (webtiles) character file.

Game seed: 3549758211430230301

364 Arcadio the Chopper (level 6, -1/57 HPs)
             Began as a Hill Orc Monk on Jan 25, 2024.
             Incinerated by a bombardier beetle (5 damage)
             ... with a burning spray
             ... on level 4 of the Dungeon.
             The game lasted 00:04:27 (2411 turns).

Arcadio the Chopper (Hill Orc Monk)                 Turns: 2411, Time: 00:04:28

Health: -1/57      AC: 18    Str: 16    XL:     6   Next: 67%
Magic:  6/6        EV:  5    Int: 10    God:
Gold:   112        SH:  0    Dex: 13    Spells: 5/5 levels left

rFire   . . .        a - +0 hand axe
rCold   . . .        d - orb {light}
rNeg    . . .        t - +0 plate armour
rPois   .            w - +0 helmet
rElec   .            (no cloak)
rCorr   .            g - +0 pair of gloves
SInv    .            (no boots)
Will    .....        (no amulet) Stlth
                     h - +4 ring of protection
HPRegen 0.29/turn    (no ring)
MPRegen 0.10/turn

%: no passive effects
@: confused, on fire, ambrosia-drunk, glowing
A: no striking features
a: no special abilities


You were on level 4 of the Dungeon.
You visited 1 branch of the dungeon, and saw 4 of its levels.

You collected 112 gold pieces.

Inventory:

Hand Weapons
 a - a +0 hand axe (weapon)
Missiles
 l - a throwing net (quivered)
Armour
 b - a +0 robe
 d - an orb of light (worn)
 g - a +0 pair of gloves (worn)
 t - a +0 plate armour (worn)
 u - a +0 robe of willpower
 w - a +0 helmet (worn)
Jewellery
 h - a +4 ring of protection (left hand)
Scrolls
 e - a scroll of brand weapon {unknown}
 f - a scroll of teleportation {unknown}
 i - a scroll of vulnerability {unknown}
 j - 3 scrolls of noise
 m - 4 scrolls of fog
 n - a scroll of poison {unknown}
 p - 2 scrolls of amnesia {unknown}
 q - a scroll of revelation {unknown}
 s - 2 scrolls of blinking
Potions
 k - a potion of brilliance
 o - 2 potions of mutation
 v - a potion of heal wounds {unknown}


   Skills:
 + Level 5.9 Fighting
 + Level 6.3 Axes
 + Level 3.8 Armour
 - Level 2.4 Dodging


You had 5 spell levels left.
You didn't know any spells.
Your spell library contained the following spells:

 Spells                   Type           Power      Damage    Failure   Level
 Freeze                   Ice            0%         1d3       100%        1
 Call Imp                 Summ           0%         N/A       100%        2
 Sublimation of Blood     Necr           0%         N/A       100%        2
 Frozen Ramparts          Ice            0%         1d1       100%        3
 Hailstorm                Conj/Ice       0%         3d5       100%        3
 Summon Hydra             Summ           0%         N/A       100%        7


Dungeon Overview and Level Annotations

Branches:
Dungeon (4/15)
 Temple: D:4-7

Altars:
Gozag

Annotations:
D:4 1 runed translucent door, heinrich's ghost, novice VSBr


Message History

The liquid fire burns you!
The bombardier beetle sprays incendiary fluid at you.
The burning spray hits you.
You are even more covered in liquid fire!
The adder bites you but does no damage.
You barely miss the adder.
The adder is almost dead.
You hit the bombardier beetle but do no damage.
The liquid fire burns you! The adder barely misses you.
The bombardier beetle bites you but does no damage.
You barely miss the adder.
The adder is almost dead.
You hit the bombardier beetle but do no damage.
The liquid fire burns you! The adder bites you but does no damage.
You barely miss the adder.
The adder is almost dead.
You hit the bombardier beetle. The liquid fire burns you! The adder bites you.
The bombardier beetle bites you but does no damage.
The adder completely misses you.
You barely miss the adder.
The adder is almost dead.
You hit the bombardier beetle. The liquid fire burns you!
* * * LOW HITPOINT WARNING * * *
The adder bites you but does no damage.
Unknown command.
You hit the adder.
You kill the adder!
You hit the bombardier beetle.
You kill the bombardier beetle!
The liquid fire burns you!
* * * LOW HITPOINT WARNING * * *
You are confused.
You feel invigorated. The liquid fire burns you!
You die...

....... ... .........
#..[ .........# .....
............###.....
##............#......
.....>?.............
..#........†.....#
#### #.###......@....#
...###..#####...!...##
........###.......###
.....†...#.......##
................##
...............##
.............###
........#...##
.########..##


There were no monsters in sight!

Vanquished Creatures
  A sky beast (D:3)
  A bullfrog (D:3)
  A bombardier beetle (D:4)
  A sleepcap (D:3)
  Terence (D:3)
  4 adders
  2 ribbon worms (D:2)
  A dart slug (D:2)
  8 orcs
  6 bats
  8 endoplasms
  A giant cockroach (D:1)
  7 hobgoblins
  2 jackals (D:1)
  3 quokkas
  4 ball pythons
  3 frilled lizards
  6 goblins
  7 kobolds
  5 rats
72 creatures vanquished.

Notes
Turn   | Place    | Note
-------+----------+-------------------------------------------
     0 | D:1      | Arcadio the Hill Orc Monk began the quest for the Orb.
     0 | D:1      | Reached XP level 1. HP: 19/19 MP: 1/1
   140 | D:1      | Reached XP level 2. HP: 24/27 MP: 2/2
   192 | D:1      | Reached skill level 1 in Armour
   411 | D:1      | Reached XP level 3. HP: 32/33 MP: 3/3
   613 | D:1      | Found a faded altar of an unknown god.
  1119 | D:2      | Reached XP level 4. HP: 34/41 MP: 4/4
  1443 | D:2      | Reached skill level 5 in Axes
  1737 | D:3      | Noticed a sky beast
  1756 | D:3      | Killed a sky beast
  1757 | D:3      | Reached skill level 5 in Fighting
  1757 | D:3      | Reached XP level 5. HP: 13/48 MP: 5/5
  1935 | D:3      | Reached XP level 6. HP: 44/56 MP: 6/6
  1936 | D:3      | Found an opulent altar of Gozag.
  1992 | D:3      | Noticed Terence
  2004 | D:3      | Killed Terence
  2005 | D:3      | Reached skill level 6 in Axes
  2296 | D:4      | Noticed an ice beast
  2363 | D:4      | Found a runed translucent door.
  2365 | D:4      | Noticed heinrich's ghost (novice VSBr)
  2411 | D:4      | Incinerated by a bombardier beetle

Illustrated notes

Levels and vault maps discovered:
D:1:      dpeg_arrival_lava_temple_mockup, layout_loops_ring,
          basic_ecumenical_altar
D:2:      layout_basic
D:3:      layout_rooms, nicolae_gozag_seed_capital, minmay_tree_intersection,
          minivault_26, uniq_terence
D:4:      layout_cave_pods, ebering_ghost_inner_flame

Skill      XL: |  1  2  3  4  5  6 |
---------------+-------------------+-----
Armour         | 1 2 3 |  3.8
Fighting       | 4 5 |  5.9
Axes           | 5 6 |  6.3
Dodging        | |  2.4

Action                     |  1- 3 |  4- 6 || total
---------------------------+-------+-------++-------
  Melee: Hand axe          |    97 |   124 ||   221
    Use: Scroll            |       |     5 ||     5
         Potion            |       |     1 ||     1
 Armour: Robe              |    52 |     1 ||    53
         Plate armour      |       |   113 ||   113
  Dodge: Dodged            |    65 |    24 ||    89
